 Dungeon Crawl Stone Soup version 0.29.1-4-g47bece8355 (webtiles) character file.

Game seed: 18051233227829035461

479 venomsnake the Chopper (level 6, -2/56 HPs)
             Began as a Minotaur Berserker on Dec 11, 2022.
             Was a Priest of Trog.
             Slain by a gnoll
             ... wielding a +0 whip
             ... led by a gnoll sergeant
              (5 damage)
             ... on level 5 of the Dungeon.
             The game lasted 00:09:24 (3617 turns).

venomsnake the Chopper (Minotaur Berserker)         Turns: 3617, Time: 00:09:24

Health: -2/56      AC:  9    Str: 23    XL:     6   Next: 86%
Magic:  5/5        EV:  9    Int:  4    God:    Trog [***...]
Gold:   221        SH:  0    Dex: 10    Spells: 5/5 levels left

rFire   + . .      SeeInvis .   a - +0 hand axe
rCold   x . .      Faith    .   (no shield)
rNeg    . . .      Spirit   .   o - +0 chain mail
rPois   +          Reflect  .   (helmet restricted)
rElec   .          Harm     .   (no cloak)
rCorr   .          Rampage  .   (no gloves)
Will    .....                   (no boots)
Stlth   ..........              (no amulet)
HPRegen 0.18/turn               k - ring of fire
MPRegen 0.09/turn               n - ring of poison resistance

@: no status effects
A: horns 2, retaliatory headbutt
a: Renounce Religion, Berserk, Trog's Hand


You were on level 5 of the Dungeon.
You worshipped Trog.
Trog was most pleased with you.
You visited 1 branch of the dungeon, and saw 5 of its levels.

You collected 221 gold pieces.

Inventory:

Hand Weapons
 a - a +0 hand axe (weapon)
Missiles
 p - 25 stones (quivered)
Armour
 o - a +0 chain mail (worn)
Jewellery
 k - a ring of fire (left hand)
 n - a ring of poison resistance (right hand)
Wands
 h - a wand of charming (11)
 s - a wand of flame (23)
Scrolls
 b - a scroll of magic mapping {unknown}
 d - 3 scrolls of teleportation
 e - 4 scrolls of immolation
 l - a scroll of enchant armour {unknown}
 q - a scroll of fear {unknown}
 t - a scroll of fog {unknown}
Potions
 c - a potion of haste {unknown}
 f - 3 potions of degeneration
 g - a potion of heal wounds {unknown}
 i - 2 potions of attraction {unknown}
 j - 4 potions of curing
 m - 2 potions of magic {unknown}
 r - a potion of cancellation {unknown}


   Skills:
 + Level 5.2 Fighting
 + Level 5.3 Axes
 + Level 4.5 Armour
 + Level 4.0 Dodging
 + Level 2.6 Evocations


You had 5 spell levels left.
You didn't know any spells.
Your spell library was empty.

Dungeon Overview and Level Annotations

Branches:
Dungeon (5/15)             Temple (0/1) D:4

Altars:
Trog
The Shining One


Innate Abilities, Weirdness & Mutations

You have a pair of horns on your head.
You reflexively headbutt those who attack you in melee.


Message History

You open the door.
There is an open door here.
You open the door.
There is an open door here.
A gnoll sergeant comes into view. It is wielding a +2 vorpal spear.
The gnoll sergeant shouts!
You hear a shout!
A gnoll comes into view. It is wielding a +0 whip.
The gnoll shouts!
A gnoll comes into view. It is wielding a +0 flail.
The gnoll sergeant hits you with a +2 vorpal spear!
You hit the gnoll sergeant but do no damage.
You headbutt the gnoll sergeant, but do no damage.
The gnoll sergeant hits you but does no damage.
An orc comes into view.
It is wielding a +0 hand axe of flaming.
The gnoll hits you with a +0 whip.
A gnoll comes into view. It is wielding a +0 club.
The gnoll shouts!
The gnoll sergeant hits you with a +2 vorpal spear!
The gnoll hits you with a +0 whip. The gnoll misses you.
You slash the gnoll! You headbutt the gnoll.
You kill the gnoll!
Trog accepts your kill.
You hit the gnoll sergeant. You hit the gnoll but do no damage.
The gnoll sergeant hits you with a +2 vorpal spear.
The gnoll barely misses you.
The gnoll sergeant hits you from afar with a +2 vorpal spear.
The gnoll hits you with a +0 whip.
The orc hits you with a +0 hand axe of flaming.
You see here a +0 flail.
You completely miss the orc. You hit the gnoll. x2
The gnoll sergeant hits you from afar with a +2 vorpal spear.
* * * LOW HITPOINT WARNING * * *
x2 The gnoll hits you but does no damage.
The gnoll closely misses you. You furiously retaliate!
You headbutt the gnoll! The orc hits you but does no damage.
You hit the orc but do no damage. You hit the gnoll but do no damage. x2
The gnoll sergeant hits you from afar with a +2 vorpal spear!
* * * LOW HITPOINT WARNING * * *
x2 The gnoll hits you with a +0 whip.
You die...

......#####.....#
................#......
................#.....
###'##..........#....#
.....'..........#....##
.....#..........#.....+
.....#..........#.....#
.....#........gg#.....#
####.#..........@o#
##############g......
....... ....... .......
....... ....... .......


You could see a gnoll sergeant, 2 gnolls and an orc.

Vanquished Creatures
  A black bear (D:4)
  A phantom (D:4)
  A hound (D:4)
  2 iguanas
  Jessica (D:2)
  An orc wizard (D:5)
  Robin (D:3)
  A gnoll (D:5)
  6 adders
  An ufetubus (D:5)
  2 worms
  2 dart slugs
  2 orcs (D:5)
  3 bats (D:1)
  13 endoplasms
  6 giant cockroaches
  15 goblins
  6 hobgoblins
  6 jackals
  3 quokkas (D:1)
  4 ball pythons
  3 frilled lizards
  5 kobolds
  3 rats (D:2)
  A butterfly (D:4)
90 creatures vanquished.

Notes
Turn   | Place    | Note
-------+----------+-------------------------------------------
     0 | D:1      | venomsnake the Minotaur Berserker began the quest for the
                  | Orb.
     0 | D:1      | Reached XP level 1. HP: 19/19 MP: 0/0
   197 | D:1      | Reached XP level 2. HP: 18/27 MP: 1/1
   856 | D:2      | Reached XP level 3. HP: 33/33 MP: 2/2
   942 | D:2      | Reached skill level 1 in Evocations
  1427 | D:2      | Noticed Jessica
  1434 | D:2      | Killed Jessica
  1435 | D:2      | Reached XP level 4. HP: 31/40 MP: 3/3
  1436 | D:2      | Reached ** piety under Trog
  2071 | D:3      | Noticed Robin
  2089 | D:3      | Killed Robin
  2295 | D:3      | Reached XP level 5. HP: 45/47 MP: 4/4
  2732 | D:4      | Reached *** piety under Trog
  2894 | D:4      | Found a staircase to the Ecumenical Temple.
  2918 | D:4      | Found a bloodstained altar of Trog.
  3071 | D:4      | Noticed a black bear
  3071 | D:4      | Noticed a phantom
  3075 | D:4      | Killed a black bear
  3076 | D:4      | Reached skill level 5 in Axes
  3076 | D:4      | Reached XP level 6. HP: 50/55 MP: 5/5
  3083 | D:4      | Reached skill level 5 in Fighting
  3171 | D:4      | Found a glowing golden altar of the Shining One.
  3350 | D:5      | Entered Level 5 of the Dungeon
  3617 | D:5      | Slain by a gnoll

Illustrated notes

Levels and vault maps discovered:
D:1:      co_arrival_square_in_a_square_in_a_square, layout_rooms,
          minmay_tetromino_o2
D:2:      layout_basic, uniq_jessica
D:3:      layout_rooms, uniq_robin
D:4:      layout_gridville, marbit_many_paths, overflow_temple_1_default,
          minmay_temple_entry_butterflies
D:5:      layout_gridville

Skill      XL: |  1  2  3  4  5  6 |
---------------+-------------------+-----
Fighting       | 4 5 |  5.2
Axes           | 4 5 |  5.3
Evocations     | 1 2 |  2.6
Armour         | 3 4 |  4.5
Dodging        | 3 4 |  4.0

Action                   |  1- 3 |  4- 6 || total
-------------------------+-------+-------++-------
Melee: Hand axe          |    57 |   138 ||   195
       Headbutt          |     7 |    22 ||    29
       Punch             |       |     1 ||     1
  Use: Scroll            |       |     4 ||     4
Armor: Ring mail         |    20 |       ||    20
       Chain mail        |     3 |    69 ||    72
Dodge: Dodged            |    36 |    55 ||    91
